[Event "13th Poti Nana Aleksandria Cup"]
[Site "Poti"]
[Date "2018.07.19"]
[Round "8"]
[White "Mnatsakanian, Arsen"]
[Black "Aliyev, Ravan"]
[Result "0-1"]
[ECO "C00"]
[WhiteElo "2047"]
[BlackElo "2324"]
[Annotator "NA"]
[PlyCount "138"]
[EventDate "2018.07.13"]
[EventType "swiss"]
[EventCountry "GEO"]
[SourceTitle "playchess.com"]
[Source "ChessBase"]
[SourceQuality "1"]
[TimeControl "40/5400+30:1800+30"]

1. e4 e6 2. d3 d5 3. Nd2 c5 4. g3 Nc6 5. Bg2 g6 6. Ngf3 Bg7 7. O-O Nge7 8. Re1 O-O 9. e5 Qc7 10. Qe2 g5 11. h3 {[%emt 0:09:35] A08: Königsindisch im Anzug} (11. Nb3 g4 12. Nh4 Qxe5 13. Qd1 Qd6 14. Qxg4 e5 15. Qe2 Ng6 16. Nf3 Bg4 17. h3 Bd7 18. c4 f5 {0-1 (31) Matt,F (2326)-Shengelia,D (2557) Austria 2016}) 11... Ng6 12. c3 h6 13. d4 cxd4 14. cxd4 Nb4 15. Rd1 b6 16. Nf1 a5 $146 ({Vorgänger:} 16... Ba6 17. Qd2 Nc2 18. Rb1 Rac8 {1-0 (26) Lingua,A (2244)-Lidovsky,S (1815) Buenos Aires 2013}) 17. b3 Ba6 18. Qd2 Rfc8 19. Ba3 Qc3 20. Bb2 Qxd2 21. Rxd2 Ra7 22. Ne3 Rac7 23. Bf1 Bxf1 24. Kxf1 f6 25. exf6 Bxf6 26. Ne1 h5 27. a3 Na6 28. Nd3 Ne7 29. Ke2 Nb8 30. f4 Nbc6 31. Ne1 gxf4 32. gxf4 Ng6 33. f5 Nf4+ 34. Kf3 Nxh3 35. fxe6 Ng5+ 36. Kg2 Ne7 37. Rf2 Rf8 38. Nd3 Nxe6 39. Raf1 Bg5 40. Rxf8+ Nxf8 41. Kf3 Ne6 42. Rg1 Kh7 43. Nxd5 Nxd5 44. Ke4 $19 Ndf4 45. Nxf4 Bxf4 46. d5 Bh2 47. Rh1 Nc5+ 48. Kf3 Rf7+ 49. Kg2 Bd6 50. Rxh5+ Kg6 51. Rh3 Rf5 52. b4 axb4 53. axb4 Ne4 54. Bd4 b5 55. Re3 Rf2+ 56. Kh1 Rf1+ 57. Kg2 Rf2+ 58. Kh1 Kf5 59. Bb6 Rf1+ 60. Kg2 Rf2+ 61. Kh1 Rd2 62. Rf3+ Kg4 63. Rf7 Rxd5 64. Be3 Rd3 65. Ba7 Bxb4 66. Bb8 Bd6 67. Rg7+ Kf5 68. Rb7 Bxb8 69. Rxb8 Rb3 0-1

[Event "13th Poti Nana Aleksandria Cup"]
[Site "Poti"]
[Date "2018.07.19"]
[Round "8"]
[White "Janiashvili, Mariami"]
[Black "Mesropian, Khachatur"]
[Result "1/2-1/2"]
[ECO "A04"]
[WhiteElo "1988"]
[BlackElo "2128"]
[Annotator "NA RC"]
[PlyCount "207"]
[EventDate "2018.07.13"]
[EventType "swiss"]
[EventCountry "GEO"]
[SourceTitle "playchess.com"]
[Source "ChessBase"]
[SourceQuality "1"]
[TimeControl "40/5400+30:1800+30"]

1. Nf3 c5 2. b3 Nc6 3. Bb2 d5 4. e3 Bg4 5. Be2 Bxf3 {[%emt 0:01:07] A06: Réti Opening:1 Nf3 d5} (5... Nf6 6. O-O e6 7. d4 Be7 8. Nbd2 O-O 9. c4 cxd4 10. Nxd4 Bxe2 11. Qxe2 Rc8 12. Rfd1 Qa5 13. cxd5 Nxd5 14. Nc4 Nxd4 15. Bxd4 {0-1 (39) Jocys,D (2220)-Beinoras,M (2359) Klaipeda 2013}) 6. Bxf3 e5 7. d3 f5 8. O-O Nf6 9. c4 d4 10. Bxc6+ bxc6 11. exd4 exd4 $146 ({Predecessor:} 11... cxd4 12. Qf3 Qd7 13. Re1 {0-1 (37) Malyuga,V (2129)-Maslov,A (2185) Zelenograd 2014}) 12. Re1+ Kf7 13. Nd2 Bd6 14. Nf3 Re8 15. Rxe8 Qxe8 16. Qe1 h6 17. Qxe8+ Rxe8 18. Re1 g5 19. Rxe8 Nxe8 20. h3 Nc7 21. Kf1 Ne6 22. g3 h5 23. Bc1 $11 Kf6 24. Ke2 Kg6 25. Ba3 g4 26. hxg4 hxg4 27. Nh4+ Kf6 28. Ng2 Kg5 29. Bc1+ f4 30. f3 Kf5 31. fxg4+ Kxg4 32. gxf4 Ng7 33. Kf2 Nf5 34. Ba3 a6 35. Bc1 Ng7 36. Bb2 Ne6 37. Bc1 Bc7 38. Ke2 Bd8 39. Ba3 Ba5 40. Bc1 Ng7 41. Ba3 Bb4 42. Bc1 Nf5 43. Ne1 Ng3+ 44. Kf2 Nh1+ 45. Ke2 Ng3+ 46. Kf2 Bxe1+ 47. Kxe1 Kf3 48. Kd2 Nf1+ 49. Kc2 Ne3+ 50. Kd2 Kxf4 51. Ba3 Nf1+ 52. Ke2 Ng3+ 53. Kf2 Nh1+ 54. Ke2 Ng3+ 55. Kf2 Nh1+ 56. Ke2 Ng3+ 57. Kf2 Nf5 58. Bxc5 Ke5 59. b4 Ng7 60. a4 Ne6 61. Ba7 Kf5 62. Ke2 Ke5 63. Bb8+ Kf5 64. Kd2 Kf6 65. Kc2 Ke7 66. Kb3 a5 67. c5 Kd7 68. Kc4 axb4 69. Kxb4 Kc8 70. Be5 Kb7 71. Kc4 Ka6 72. Kb4 Kb7 73. Bg3 Ka6 74. Be1 Kb7 75. Kc4 Ka6 76. Bb4 Kb7 77. Kb3 Nf4 78. Kc2 Nd5 79. Bd2 Nc7 80. Be1 Ne6 81. Bb4 Nf4 82. Ba5 Kc8 83. Kd2 Kd7 84. Kc2 Kc8 85. Bb6 Kb7 86. Ba5 Ka6 87. Bd8 Ne6 88. Be7 Nf4 89. Bd6 Ne6 90. Kb3 Ka5 91. Be7 Ka6 92. Kb4 Nf4 93. Kc4 Ne6 94. Bf6 Ka5 95. Bxd4 Kxa4 96. Bf6 Ka5 97. Bc3+ Ka6 98. Be5 Kb7 99. d4 Kc8 100. Kb4 Nd8 101. Kc4 Kd7 102. d5 Nb7 103. dxc6+ Kxc6 104. Bf4 1/2-1/2

[Event "13th Poti Nana Aleksandria Cup"]
[Site "Poti"]
[Date "2018.07.19"]
[Round "8"]
[White "Shanya Mishra"]
[Black "Arakelyan, Nare"]
[Result "1-0"]
[ECO "D11"]
[WhiteElo "1980"]
[BlackElo "1834"]
[Annotator "NA"]
[PlyCount "69"]
[EventDate "2018.07.13"]
[EventType "swiss"]
[EventCountry "GEO"]
[SourceTitle "playchess.com"]
[Source "ChessBase"]
[SourceQuality "1"]
[TimeControl "40/5400+30:1800+30"]

1. d4 d5 2. c4 c6 3. Nf3 Nf6 4. e3 Bg4 5. Nc3 e6 6. Qb3 Qb6 7. Ne5 Bf5 8. c5 Qc7 9. Bd3 Bxd3 10. Nxd3 Be7 11. O-O Ng4 12. g3 h5 13. e4 h4 14. exd5 exd5 15. f3 Nxh2 (15... Nf6 $16) 16. Bf4 Qc8 17. Kxh2 hxg3+ $18 18. Kxg3 Bh4+ 19. Kg2 Qf5 20. Rfe1+ Kd8 21. Red1 g5 22. Bd6 g4 23. f4 Kc8 24. Qc2 Nd7 25. Nb4 Qe6 26. Qe2 Qg6 27. Qd3 f5 28. Rh1 Nf6 29. Nxc6 Nh5 30. Rxh4 bxc6 31. Qa6+ Kd8 32. Rah1 Qe8 33. Qa5+ Kd7 34. Qc7+ Ke6 35. Rxh5 1-0

[Event "13th Poti Nana Aleksandria Cup"]
[Site "Poti"]
[Date "2018.07.19"]
[Round "8"]
[White "Tihonov, Gennady"]
[Black "Kokaia, Guram"]
[Result "0-1"]
[ECO "B52"]
[WhiteElo "1845"]
[BlackElo "2159"]
[Annotator "NA"]
[PlyCount "76"]
[EventDate "2018.07.13"]
[EventType "swiss"]
[EventCountry "GEO"]
[SourceTitle "playchess.com"]
[Source "ChessBase"]
[SourceQuality "1"]
[TimeControl "40/5400+30:1800+30"]

1. e4 c5 2. Nf3 d6 3. Bb5+ Bd7 4. Bxd7+ Qxd7 5. c4 Nc6 6. d4 cxd4 7. Nxd4 g6 8. O-O Bg7 9. Be3 Nf6 10. Nc3 Ng4 11. Qd2 Nxe3 12. fxe3 Ne5 13. b3 O-O 14. Rad1 Rac8 15. Nd5 h5 16. Qe1 Qd8 17. Qh4 Re8 18. Qf2 $15 (18. Nf3 $11) 18... a6 19. Qd2 e6 20. Nc3 Qc7 21. Na4 Red8 22. Nf3 b5 23. cxb5 axb5 24. Nb2 d5 25. exd5 Rxd5 26. Qe2 Qc2 27. Qxc2 Nxf3+ 28. gxf3 Rxc2 29. Rxd5 exd5 30. Nd3 Rxa2 31. Rd1 d4 32. e4 Rc2 33. h3 Rc3 34. b4 Rb3 35. Kg2 Bf8 36. Kg3 f6 37. f4 Bxb4 38. Kh4 Rxd3 0-1

[Event "13th Poti Nana Aleksandria Cup"]
[Site "Poti"]
[Date "2018.07.19"]
[Round "8"]
[White "Tsotsonava, Elene"]
[Black "Martynyuk, Elizaveta"]
[Result "0-1"]
[ECO "B34"]
[WhiteElo "1647"]
[BlackElo "2182"]
[Annotator "NA"]
[PlyCount "152"]
[EventDate "2018.07.13"]
[EventType "swiss"]
[EventCountry "GEO"]
[SourceTitle "playchess.com"]
[Source "ChessBase"]
[SourceQuality "1"]
[TimeControl "40/5400+30:1800+30"]

1. e4 c5 2. Nf3 Nc6 3. d4 cxd4 4. Nxd4 g6 5. Nc3 Bg7 6. Nde2 Nf6 7. g3 O-O 8. Bg2 d6 9. O-O Rb8 10. a4 a6 11. Nd5 {B70: Sicilian Dragon: 6 g3 and 6 Be2 (without a later Be3)} (11. h3 b5 12. axb5 axb5 13. Nd5 Nd7 14. Rb1 b4 15. Bg5 h6 16. Be3 e6 17. Ndf4 Nde5 18. b3 Ba6 19. Qd2 Kh7 20. Rfd1 Qc8 21. Nd4 Nxd4 22. Bxd4 {1-0 (55) Mchedlishvili,M (2603)-Demchenko,A (2660) Riadh 2017}) 11... e6 12. Nxf6+ Bxf6 13. c3 Qc7 14. Be3 Ne5 $146 ({Predecessor:} 14... b6 15. Qc2 Bb7 16. Rad1 Bg7 17. f4 Rfe8 18. Bf2 b5 19. axb5 axb5 {0-1 (42) Boguszlavszkij,J (2212)-Paschall,W (2377) Zalakaros 2016}) 15. Bd4 Bd7 16. b3 Ng4 17. Bxf6 Nxf6 18. Qd4 e5 19. Qd2 Bc6 20. Qd3 b5 21. axb5 axb5 22. Rfd1 Rfd8 23. Qe3 Kg7 24. c4 Ra8 25. Nc3 bxc4 26. bxc4 Bd7 27. Bf1 Be6 28. Rxa8 Rxa8 29. Nb5 Qc5 $11 30. Nxd6 Qxe3 31. fxe3 Ra3 32. Rd3 Ra1 33. Kg2 Rc1 34. Ra3 Ng4 35. h3 Rc2+ 36. Kg1 Nf2 37. Ra7 Nd1 38. Ra3 h5 39. Ne8+ Kf8 40. Nf6 Bxc4 41. Nd7+ Kg7 42. Nxe5 Bxf1 43. Kxf1 Kf6 44. Nd7+ Ke6 45. Rd3 Nf2 46. Nc5+ Kf6 47. Rd6+ Ke7 48. Rd7+ Ke8 49. Rd5 Nxh3 50. Nd3 Ke7 51. Nf4 Nf2 52. Ne2 Ng4 53. Rd3 Kf6 54. Ke1 Rb2 55. Nf4 Rh2 56. Rd6+ Kg7 57. Rd2 Rh1+ 58. Ke2 Rg1 59. Kf3 Rf1+ 60. Ke2 Rf2+ 61. Kd3 Rf3 62. Ne2 Rxe3+ 63. Kd4 Rf3 64. Rd3 Rf2 65. Nf4 Rf1 66. Nd5 Nf2 67. Rf3 Rd1+ 68. Ke5 Nd3+ 69. Kd6 Rd2 70. Re3 Nf2 71. e5 Ng4 72. Re1 Rd3 73. Rf1 Rxd5+ 74. Ke7 Rxe5+ 75. Kd6 Re3 76. Rg1 f5 0-1

[Event "13th Poti Nana Aleksandria Cup"]
[Site "Poti"]
[Date "2018.07.20"]
[Round "9"]
[White "Martynyuk, Elizaveta"]
[Black "Eynullayev, Atilla"]
[Result "1/2-1/2"]
[ECO "C15"]
[WhiteElo "2182"]
[BlackElo "2120"]
[Annotator "NA RC"]
[PlyCount "161"]
[EventDate "2018.07.13"]
[EventType "swiss"]
[EventCountry "GEO"]
[SourceTitle "playchess.com"]
[Source "ChessBase"]
[SourceQuality "1"]
[TimeControl "40/5400+30:1800+30"]

1. e4 e6 2. d4 d5 3. Nc3 Bb4 4. exd5 exd5 5. Bd3 Nc6 6. a3 Ba5 7. Nge2 Nge7 8. O-O O-O 9. Na4 {[%emt 0:00:41] C01: French: Exchange Variation} (9. Bg5 f6 10. Be3 Bf5 11. Nf4 Bxc3 12. bxc3 Qd7 13. c4 Bxd3 14. Qxd3 Rad8 15. Rab1 b6 16. Rb5 dxc4 17. Qxc4+ {0-1 (48) Hou,Y (2680)-Mamedyarov,S (2804) Wijk aan Zee 2018}) 9... Bf5 10. Bg5 $146 ({Predecessor:} 10. Bf4 Qc8 11. b4 Bb6 12. Nxb6 axb6 13. Re1 Qd7 14. Qd2 Rfe8 15. Bb5 Ng6 16. Bg3 Re7 {½-½ (40) Abrahamyan,T (2366)-Matsenko,S (2563) Saint Louis 2018}) 10... f6 11. Be3 Bb6 12. Nxb6 axb6 13. Re1 Qd7 14. Bb5 Bg6 15. Nf4 Bf7 16. Qf3 Rae8 17. Rad1 Ng6 18. Qg3 Re7 19. Bd3 Nxf4 20. Bxf4 Rfe8 21. Rxe7 Rxe7 22. c3 Be6 23. h4 Bg4 24. f3 Bh5 25. Re1 Rxe1+ 26. Qxe1 Nd8 27. g4 Bg6 28. Bf1 h5 29. g5 fxg5 30. Bxg5 Nf7 31. Qg3 Qf5 32. Qxc7 Qxf3 33. Qf4 Qd1 34. Qd2 Qg4+ 35. Qg2 Qf5 36. Bd2 Kh7 37. Be2 Nd6 38. Qg5 Qb1+ 39. Bc1 Ne4 40. Qe3 Nf6 41. Kg2 Qc2 42. Kg1 Qf5 43. Qf4 Qd7 44. Be3 Qh3 45. Bf1 Qe6 46. Be2 Ne4 47. Bf3 Qd7 48. Qh2 Nf6 49. Bg5 Ng4 50. Qe2 Bf5 51. Qe7 Qa4 52. Qe2 ({Don't blunder} 52. Qxb7 $2 Qc2 $19) 52... Qc6 53. Qe7 Qa4 54. Qe2 Qb3 55. Be7 Qa2 56. Bxg4 hxg4 57. Qf1 Be4 58. Qc1 {[%emt 0:00:27] [#]} g3 $1 59. Bd6 g2 60. Kh2 {[%emt 0:03:56] [#]} Qc4 $1 61. Qd1 {[%emt 0:00:35] [#]} g6 $1 ({Don't play} 61... Qf1 $6 62. Qh5+ Kg8 63. Qe8+ Kh7 64. Qh5+ Kg8 65. Qe8+ Kh7 66. Qh5+ $11) 62. Kg1 Qc8 63. Bh2 Qh3 64. Qe2 Qxh4 65. Qf2 Qe7 66. Be5 {[%emt 0:00:22] [#]} Kg8 $1 67. Qf6 Qxf6 68. Bxf6 Kf7 69. Be5 b5 70. Kf2 Ke6 71. Bh2 Kf5 72. Kg3 g5 73. Bg1 g4 74. Kf2 Bf3 75. Ke3 Ke6 76. Kf4 Kd6 $17 77. b4 Ke6 78. Kg5 Be2 79. Be3 Bd1 80. Bg1 Bf3 81. Be3 {[%emt 0:00:04] Ke5} 1/2-1/2

[Event "13th Poti Nana Aleksandria Cup"]
[Site "Poti"]
[Date "2018.07.20"]
[Round "9"]
[White "Yeritsyan, Hayk"]
[Black "Shanya Mishra"]
[Result "0-1"]
[ECO "B40"]
[WhiteElo "2178"]
[BlackElo "1980"]
[Annotator "NA RC"]
[PlyCount "65"]
[EventDate "2018.07.13"]
[EventType "swiss"]
[EventCountry "GEO"]
[SourceTitle "playchess.com"]
[Source "ChessBase"]
[SourceQuality "1"]
[TimeControl "40/5400+30:1800+30"]

1. e4 c5 2. Nf3 e6 3. Nc3 Nc6 4. Bb5 Nd4 5. O-O a6 6. Bd3 Qc7 {[%emt 0:01:05] B30: Sicilian: 2...Nc6 3 Bb5, lines without ...g6} (6... Nc6 7. b3 Nge7 8. Bb2 Ng6 9. Re1 Be7 10. Nd5 exd5 11. exd5 O-O 12. dxc6 dxc6 13. Bxg6 hxg6 14. a4 {½-½ (81) Grischuk,A (2772)-Harikrishna,P (2744) Huaian 2017}) 7. Nxd4 cxd4 8. Ne2 Bc5 9. b4 Ba7 $146 ({Predecessor:} 9... Bxb4 10. Nxd4 Nf6 11. Bb2 Bd6 12. Nf3 Ng4 13. h3 Ne5 14. Nxe5 Bxe5 15. Bxe5 Qxe5 {1-0 (36) Schebler,G (2453)-Goormachtigh,J (2242) Gent 2008}) 10. Bb2 e5 11. c3 dxc3 12. Nxc3 Nf6 13. Rc1 Qd8 14. Qb3 O-O 15. Nd5 Nxd5 16. Qxd5 d6 17. Bc4 Qe7 18. Qd3 Be6 19. Bd5 Rac8 20. g3 Bh3 21. Rfe1 Kh8 22. Qf3 Rxc1 23. Rxc1 f5 24. exf5 Bxf5 25. d4 exd4 26. Qf4 d3 27. Qh6 $2 {[%emt 0:10:43] [#]} (27. Bd4 Be6 28. Qe3 Bxd4 29. Qxe6) 27... Bxf2+ $1 28. Kg2 Be4+ 29. Bxe4 Qxe4+ 30. Kh3 Bd4 (30... Qe7) 31. Bxd4 Qxd4 32. Qh4 $2 (32. Qf4 Qxf4 33. gxf4) 32... Qe3 $19 33. Qg4 0-1

[Event "13th Poti Nana Aleksandria Cup"]
[Site "Poti"]
[Date "2018.07.20"]
[Round "9"]
[White "Matevosyan, Sedrak"]
[Black "Eynullayev, Altay"]
[Result "1/2-1/2"]
[ECO "A34"]
[WhiteElo "2161"]
[BlackElo "2134"]
[Annotator "NA RC"]
[PlyCount "102"]
[EventDate "2018.07.13"]
[EventType "swiss"]
[EventCountry "GEO"]
[SourceTitle "playchess.com"]
[Source "ChessBase"]
[SourceQuality "1"]
[TimeControl "40/5400+30:1800+30"]

1. c4 c5 2. Nc3 Nf6 3. g3 d5 4. cxd5 Nxd5 5. Bg2 Nc7 6. Nf3 Nc6 7. O-O e5 8. a3 Rb8 {[%emt 0:00:52] A34: Symmetrical English: 2 Nc3, lines with ...d5} (8... Bd7 9. e3 Be7 10. d4 exd4 11. exd4 cxd4 12. Nxd4 O-O 13. Be3 Bf6 14. Rc1 Nxd4 15. Bxd4 Bc6 16. Bxc6 bxc6 {0-1 (69) Almasi,Z (2682)-Kasimdzhanov,R (2683) Riadh 2017}) 9. Rb1 f6 10. d3 Be7 {[%emt 0:01:26] LiveBook: 15 Games} 11. Bd2 Be6 12. Rc1 $146 ({Predecessor:} 12. Qa4 b5 13. Qh4 O-O 14. b4 Nd4 15. bxc5 Bxc5 16. Nxd4 exd4 17. Ne4 Bxa3 18. Bf4 g5 19. Nxf6+ Qxf6 20. Bxg5 Qg6 21. Bf4 Rf7 22. Be5 Rd8 23. Qxd8+ {1-0 (23) Shoker,S (2466)-Daurelle,H (2249) Marrakesh 2010}) 12... O-O 13. Ne4 Na6 14. Qa4 Qd7 15. Rfd1 b5 16. Qc2 $1 ({Don't blunder} 16. Qxa6 $2 Rb6 $19) 16... Rfc8 17. Qb1 Bb3 18. Re1 Qe6 19. Be3 Nd4 20. Nfd2 Bd5 21. Nc3 Bxg2 22. Kxg2 b4 23. axb4 cxb4 24. Bxd4 exd4 25. Na4 (25. Nd1 $15) 25... b3 26. Rxc8+ Qxc8 27. Rc1 Qb7+ ({Günstiger ist} 27... Qd7 $17 28. Rc4 Nb4 29. Nxb3 Qxa4 30. Nxd4 Qd7) 28. Nf3 Qd7 29. Rc4 Rb4 30. Qa1 Rxc4 31. dxc4 Qc6 32. c5 $1 Nxc5 33. Nxc5 Bxc5 34. Qa5 Bb6 35. Qb4 Qd5 36. Kg1 (36. Qe7 $11 {was the only way to keep the balance.} h6 37. Qe8+ Kh7 38. h4) 36... d3 37. e4 Qc5 38. Qxb3+ Kh8 39. Qxd3 Qxf2+ 40. Kh1 Qxb2 41. Qc4 {[%emt 0:10:08] [#]} Qb1+ (41... h5 $1 $17 42. Qc8+ Kh7) 42. Kg2 Qd1 43. e5 Qd8 44. Qf7 (44. h4 $11 {bleibt in der Remisbreite.}) 44... Bc5 45. e6 Qe7 (45... g6 $17 46. Qb7 a5) 46. Nd4 $11 Qxf7 47. exf7 a5 48. Nb3 Bf8 49. Nxa5 g6 50. Nc4 Kg7 51. Kf3 Kxf7 1/2-1/2

[Event "13th Poti Nana Aleksandria Cup"]
[Site "Poti"]
[Date "2018.07.20"]
[Round "9"]
[White "Kokaia, Guram"]
[Black "Gordon, Evgeny"]
[Result "1-0"]
[ECO "B07"]
[WhiteElo "2159"]
[BlackElo "2016"]
[Annotator "RC"]
[PlyCount "51"]
[EventDate "2018.07.13"]
[EventType "swiss"]
[EventCountry "GEO"]
[SourceTitle "playchess.com"]
[Source "ChessBase"]
[SourceQuality "1"]
[TimeControl "40/5400+30:1800+30"]

1. e4 d6 2. d4 Nf6 3. Nc3 e5 4. Nge2 Be7 5. g3 c6 6. Bg2 b5 7. a3 O-O 8. O-O a5 9. d5 Bb7 10. dxc6 Bxc6 11. h3 Nbd7 12. g4 Nc5 13. Ng3 b4 14. axb4 axb4 15. Rxa8 Bxa8 16. Nd5 Nxd5 17. exd5 g6 18. Bh6 Re8 19. Qd2 b3 20. cxb3 Nxb3 21. Qe3 Na5 22. Qc3 Nb7 23. b4 Qb8 24. Rc1 f6 25. Qc7 Qa7 26. Qc5 1-0

[Event "13th Poti Nana Aleksandria Cup"]
[Site "Poti"]
[Date "2018.07.20"]
[Round "9"]
[White "Tihonov, Gennady"]
[Black "Tsotsonava, Elene"]
[Result "1-0"]
[ECO "C11"]
[WhiteElo "1845"]
[BlackElo "1647"]
[Annotator "NA RC"]
[PlyCount "75"]
[EventDate "2018.07.13"]
[EventType "swiss"]
[EventCountry "GEO"]
[SourceTitle "playchess.com"]
[Source "ChessBase"]
[SourceQuality "1"]
[TimeControl "40/5400+30:1800+30"]

1. d4 Nf6 2. Nc3 d5 3. Bg5 e6 4. e4 dxe4 5. Nxe4 Be7 6. Bxf6 Bxf6 7. Nf3 O-O 8. c3 Nd7 9. Bd3 b6 10. Qc2 Bb7 {[%emt 0:00:14] LiveBook: 7 Games C13: French: Classical System: 4 Bg5 Be7, Alekhine-Chatard Attack} 11. Rd1 e5 $146 (11... Qe7 $11 {keeps the balance.}) ({Predecessor:} 11... g6 12. O-O Bg7 13. Rfe1 Re8 14. Qa4 a6 15. Neg5 b5 16. Qc2 Nb6 17. Ne4 Bd5 18. b3 {1-0 (36) Wang,R (2509)-Wu,K (2284) Tianjing 2001}) 12. O-O exd4 13. cxd4 Rc8 14. Rfe1 Re8 15. Bb5 Bxe4 16. Rxe4 Rxe4 17. Qxe4 Nc5 18. Qc2 Ne6 19. d5 Nc5 20. b4 Nb7 21. Ba6 Rb8 22. Rc1 Nd6 23. Qxc7 b5 24. Qxd8+ Rxd8 25. Rc5 Ne4 26. Rxb5 $16 Nc3 27. Rb7 Rxd5 28. g3 Nxa2 29. Bc4 Rd1+ 30. Kg2 Nc3 31. Rxf7 Nd5 32. Rd7 Kf8 33. Rxd5 Rb1 34. b5 Ke7 35. Bd3 h6 36. Nd4 Rd1 37. Nf5+ Ke8 38. b6 1-0

[Event "13th Poti Nana Aleksandria Cup"]
[Site "Poti"]
[Date "2018.07.20"]
[Round "9"]
[White "Arakelyan, Nare"]
[Black "Pshmahov, Osman"]
[Result "0-1"]
[ECO "B00"]
[WhiteElo "1834"]
[BlackElo "2136"]
[Annotator "RC"]
[PlyCount "150"]
[EventDate "2018.07.13"]
[EventType "swiss"]
[EventCountry "GEO"]
[SourceTitle "playchess.com"]
[Source "ChessBase"]
[SourceQuality "1"]
[TimeControl "40/5400+30:1800+30"]

1. e4 b6 2. d4 e6 3. Be3 Bb7 4. Bd3 g6 5. Ne2 Bg7 6. f4 f5 7. Nd2 Nf6 8. Ng3 d5 9. e5 Ne4 10. Nf3 O-O 11. Qe2 Qe7 12. c3 c5 13. O-O Nd7 14. a4 c4 15. Bc2 Nxg3 16. hxg3 a6 17. Kf2 b5 18. Bd2 Bc6 19. a5 Rfb8 20. Rh1 Qe8 21. Ng5 h6 22. Nf3 h5 23. Nh4 Bf8 24. Rh3 b4 25. Rah1 bxc3 26. Bxc3 Be7 27. R3h2 Nf8 28. Bd1 Bxh4 29. Rxh4 Ba4 30. Qd2 Bxd1 31. Rxd1 Rb3 32. Rhh1 Rab8 33. Ra1 R8b7 34. Rhb1 Nd7 35. Ke2 Nb8 36. Qe1 Nc6 37. Qd2 Qe7 38. Ra4 Na7 39. Rc1 Nc6 40. Rca1 Qe8 41. Kd1 Qb8 42. Kc1 Na7 43. R1a3 R3b5 44. Ra1 Nc6 45. R1a3 Qf8 46. Ra1 Nb4 47. Bxb4 Rxb4 48. Rxb4 Qxb4 49. Qxb4 Rxb4 50. Ra3 Kh7 51. Kc2 Kh6 52. Kc3 Rb5 53. Kc2 g5 54. Kc3 h4 55. fxg5+ Kxg5 56. gxh4+ Kxh4 57. Kc2 f4 58. Rh3+ Kg5 59. Rh8 Rxa5 60. Rf8 Rb5 61. Rf6 Rb6 62. Kc1 Kg4 63. Kc2 Kg3 64. Kc1 a5 65. Kc2 a4 66. Rf8 Rb3 67. Rf6 Rd3 68. Rxe6 Rxd4 69. Rg6+ Kf2 70. e6 Re4 71. Kc3 Ke3 72. Rh6 Ke2 73. e7 d4+ 74. Kxc4 d3+ 75. Kc3 d2 {[%emt 0:00:14] Kd4} 0-1

[Event "13th Poti Nana Aleksandria Cup"]
[Site "Poti"]
[Date "2018.07.20"]
[Round "9"]
[White "Bibilashvili, Lali"]
[Black "Nikulina, Alena"]
[Result "0-1"]
[ECO "A24"]
[WhiteElo "1816"]
[BlackElo "1959"]
[Annotator "NA RC"]
[PlyCount "98"]
[EventDate "2018.07.13"]
[EventType "swiss"]
[EventCountry "GEO"]
[SourceTitle "playchess.com"]
[Source "ChessBase"]
[SourceQuality "1"]
[TimeControl "40/5400+30:1800+30"]

1. c4 e5 2. Nc3 Nf6 3. g3 g6 4. Bg2 Bg7 5. e3 c6 6. Nge2 O-O 7. O-O d6 8. Rb1 {[%emt 0:00:15] A24: English Opening vs King's Indian: Lines without ...Nc6} (8. d3 a5 9. e4 Na6 10. h3 Rb8 11. Bg5 Nc7 12. d4 b5 13. cxb5 cxb5 14. Rc1 Bd7 15. Re1 Re8 16. b3 {1-0 (67) Ponomariov,R (2723)-Saric,I (2648) Porto Carras 2011}) 8... Bf5 9. d3 Nbd7 $146 ({Predecessor:} 9... a5 10. b3 Na6 11. Ba3 Nb4 12. e4 Be6 13. Bc1 Ng4 14. h3 Nh6 15. Be3 f5 {½-½ (51) Glapa,W-Lenda,L (1904) Koszalin 2009}) 10. b4 Qc7 11. b5 Nc5 12. e4 Be6 13. f4 Qd7 14. Ba3 Ng4 (14... Rfd8 $11 {bleibt in der Remisbreite.}) 15. Qd2 Rac8 16. h3 Nh6 17. g4 f5 18. bxc6 bxc6 19. fxe5 (19. gxf5 $16 gxf5 20. fxe5) 19... fxg4 20. h4 Nb7 21. exd6 Nxd6 22. Qe3 Nhf7 23. c5 Ne8 24. d4 Nf6 {[%emt 0:05:17] [#]} 25. Rfd1 $2 (25. d5 $1 $11 {[%mdl 512] and White stays safe.} Nh5 (25... cxd5 26. c6) 26. dxe6 Qxe6 27. Rb2) 25... Bh6 26. Qd3 Rfe8 $2 (26... Nh5 $19 27. Bc1 Bxc1 28. Rbxc1 Qe7) 27. Bc1 Bf8 (27... Bxc1 $11 28. Rbxc1 Nh5) 28. Nf4 Nh5 29. Nxe6 ({Better is} 29. Nxh5 $16 gxh5 30. Bf4) 29... Qxe6 30. Rb7 Re7 31. Rb3 Rd7 32. Qa6 {[%emt 0:00:29] [#]} (32. Qe2 $15) 32... Rcd8 $1 33. Ne2 {[%emt 0:03:23] [#]} (33. Nd5 $17 {kämpft weiter.}) 33... Bxc5 $1 34. Be3 (34. Rf1 {war angesagt.} Bxd4+ 35. Nxd4 Rxd4 36. Qxa7) 34... Bb6 35. Rc1 Qf6 36. Rxb6 axb6 37. Qxb6 Qxh4 38. Qxc6 Ng5 39. Bxg5 Qxg5 40. Qc4+ Kh8 41. Qc3 Rf8 42. d5+ Kg8 43. Rf1 Rdf7 44. Rxf7 $19 Rxf7 45. Nd4 Nf4 46. Bf1 Nh3+ 47. Kg2 Rf2+ 48. Kh1 Rxf1+ 49. Kg2 Rg1+ 0-1